 Dungeon Crawl Stone Soup version 0.31-a0-354-g827e095 (webtiles) character file.

Game seed: 2107730532303376554

33384 Dawnplanks the Severer (level 13, -3/117 HPs)
             Began as a Hill Orc Fighter on July 23, 2023.
             Was a High Priest of Okawaru.
             Slain by a minotaur (7 damage)
             ... in a Gauntlet.
             The game lasted 00:32:51 (15356 turns).

Dawnplanks the Severer (Hill Orc Fighter)          Turns: 15356, Time: 00:32:52

Health: -3/117     AC: 24    Str: 24    XL:     13   Next: 70%
Magic:  21/22      EV: 10    Int:  8    God:    Okawaru [*****.]
Gold:   668        SH:  0    Dex: 10    Spells: 12/12 levels left

rFire   + . .        h - +9 battleaxe
rCold   . . .        (shield currently unavailable)
rNeg    . . .        D - +0 plate armour
rPois   .            f - +0 helmet
rElec   .            W - +2 cloak {Will+}
rCorr   +            (no gloves)
SInv    .            j - +0 pair of boots
Will    +....        (no amulet) Stlth
                     o - ring of resist corrosion
HPRegen 0.39/turn    p - ring of protection from fire
MPRegen 0.18/turn

%: no teleportation
@: heroic
A: no striking features
a: Renounce Religion, Heroism, Finesse, Duel


You were in a Gauntlet.
You worshipped Okawaru.
Okawaru was extremely pleased with you.
You visited 3 branches of the dungeon, and saw 13 of its levels.
You also visited: Ossuary, Bailey and Gauntlet.

You collected 668 gold pieces.

Inventory:

Hand Weapons
 a - a +0 war axe
 h - a +9 battleaxe (weapon)
 A - the +6 hammer of the Thieving Fox {flame, rF+ SInv}
   (You found it on level 6 of the Dungeon)

   rF:        It protects you from fire.
   SInv:      It lets you see invisible.
 N - a +0 broad axe
Missiles
 y - a throwing net
 z - an atropa-tipped dart
 M - 12 boomerangs (quivered)
 P - 2 curare-tipped darts
Armour
 f - a +0 helmet (worn)
 j - a +0 pair of boots (worn)
 D - a +0 plate armour (worn)
 L - a +0 kite shield
 Q - +0 acid dragon scales
 V - a scarf of harm
 W - a +2 cloak of willpower (worn)
Jewellery
 c - a ring of wizardry
 d - a +6 ring of intelligence
 o - a ring of resist corrosion (left hand)
 p - a ring of protection from fire (right hand)
 S - a +6 ring of intelligence
 U - a ring of positive energy
Wands
 q - a wand of mindburst (2)
 v - a wand of iceblast (10)
 x - a wand of flame (9)
Scrolls
 b - 3 scrolls of amnesia {unknown}
 e - a scroll of revelation
 k - 4 scrolls of fear {unknown}
 l - 4 scrolls of enchant weapon {unknown}
 m - 2 scrolls of vulnerability {unknown}
 n - 2 scrolls of torment {unknown}
 s - a scroll of blinking {unknown}
 t - a scroll of noise {unknown}
 B - 2 scrolls of teleportation
 H - a scroll of fog {unknown}
 K - 2 scrolls of immolation {unknown}
Potions
 g - 6 potions of cancellation
 i - a potion of lignification
 r - 5 potions of heal wounds
 u - 2 potions of degeneration
 w - a potion of mutation
 C - 7 potions of curing
 E - 5 potions of haste
 F - a potion of enlightenment
 G - 2 potions of brilliance
 I - a potion of ambrosia
 J - 3 potions of invisibility
 O - 3 potions of might
 T - a potion of magic
Miscellaneous
 R - a phantom mirror


   Skills:
 + Level 11.8(16.8) Fighting
 + Level 16.8(21.8) Axes
 - Level 0.6(14.2) Maces & Flails
 + Level 3.7(8.7) Throwing
 + Level 11.6(16.6) Armour
 + Level 1.6(6.6) Dodging
 + Level 7.2(12.2) Shields
 * Level 12.0 Invocations


You had 12 spell levels left.
You didn't know any spells.
Your spell library contained the following spells:

 Spells                   Type           Power      Damage    Failure   Level
 Freeze                   Ice            0%         1d3       97%         1
 Shock                    Conj/Air       0%         1d3       97%         1
 Slow                     Hex            0%         N/A       97%         1
 Lesser Beckoning         Tloc           0%         N/A       99%         2
 Static Discharge         Conj/Air       0%         2-2/arc   99%         2
 Frozen Ramparts          Ice            0%         1d1       100%        3
 Gell's Gravitas          Tloc           0%         N/A       100%        3
 Hailstorm                Conj/Ice       0%         3d3       100%        3
 Stone Arrow              Conj/Erth      0%         3d7       100%        3
 Swiftness                Air            0%         N/A       100%        3
 Teleport Other           Tloc           0%         N/A       100%        3
 Airstrike                Air            0%         2d(0-16)  100%        4
 Silence                  Hex/Air        0%         N/A       100%        5
 Lehudib's Crystal Spear  Conj/Erth      0%         10d2      100%        8
 Animate Armour           Summ/Erth      Unusable   N/A       N/A         4
 Summon Lightning Spire   Summ/Air       Unusable   N/A       N/A         4
 Summon Mana Viper        Hex/Summ       Unusable   N/A       N/A         5

Dungeon Overview and Level Annotations

Branches:
Dungeon (11/15)            Temple (1/1) D:7            Lair (1/5) D:11
    Orc (0/2) D:11        Ossuary (visited)          Bailey (visited)
Gauntlet (1/1)

Altars:
Ashenzari
Cheibriados
Dithmenos
Elyvilon
Fedhas
Gozag
Hepliaklqana
Kikubaaqudgha
Makhleb
Nemelex Xobeh
Okawaru
Qazlal
Ru
Sif Muna
Trog
Uskayaw
Vehumet
Wu Jian
Xom
Yredelemnul
Zin
The Shining One

Shops:
D:8 *

Annotations:
D:6 1 runed translucent door, Crazy Yiuf
D:9 3 runed translucent doors, exclusion: statue, Decysan's ghost, novice MfSh Gauntlet 12 transporters, exclusion: 2 orange crystal statues


Message History

You gain the combat prowess of a mighty hero.
The minotaur hits you but does no damage.
The minotaur gores you.
You hit the minotaur.
The minotaur is moderately wounded.
The minotaur hits you but does no damage.
The minotaur gores you but does no damage.
You hit the minotaur but do no damage.
The minotaur is moderately wounded.
You hit the minotaur but do no damage.
The minotaur is moderately wounded.
The minotaur hits you but does no damage.
The minotaur gores you but does no damage.
You barely miss the minotaur.
The minotaur is moderately wounded.
The minotaur hits you!! The minotaur gores you.
You slice the minotaur!!
The minotaur is heavily wounded.
You slash the minotaur!
The minotaur is severely wounded.
The minotaur barely misses you.
The minotaur gores you but does no damage.
You slice the minotaur!!
The minotaur is almost dead.
The minotaur hits you.
The minotaur gores you but does no damage.
You hit the minotaur.
The minotaur is almost dead.
The minotaur hits you!!
* * * LOW HITPOINT WARNING * * *
The minotaur gores you.
* * * LOW HITPOINT WARNING * * *
You completely miss the minotaur.
The minotaur is almost dead.
You hit the minotaur.
The minotaur is almost dead.
The minotaur hits you!
* * * LOW HITPOINT WARNING * * *
The minotaur gores you!
You die...

#########
#.......#.##
#.#####.#..# #@#
#.##.#
#..H.∩.#..#.#
#.##⌠.⌠##.#.# #.
######.#.#
#.#.........#
#.###########.#
#.............#
#########.#########
#§...............§#


You could see a minotaur.

Vanquished Creatures
  An orc warlord (Bailey)
  A hydra (D:9)
  Erolcha (D:9)
  A catoblepas (Gauntlet)
  A two-headed ogre (D:9)
  Pikel (D:6)
  2 manticores
  An oklob plant (Gauntlet)
  A black mamba (Lair:1)
  Maggie (D:6)
  2 gargoyles (Gauntlet)
  An ice statue (Gauntlet)
  A cane toad (Lair:1)
  A molten gargoyle (Gauntlet)
  3 rime drakes
  3 komodo dragons
  Psyche (D:9)
  An unseen horror (D:11)
  2 trolls
  Sigmund (D:2)
  28 yaks
  2 wraiths
  Eustachio (D:6)
  2 wyverns (D:9)
  2 steam dragons
  2 acid dragons (Gauntlet)
  4 water moccasins
  4 orc warriors
  15 ice beasts
  A black bear (D:8)
  4 ogres
  5 wolves (Lair:1)
  8 centaurs
  A phantom (D:5)
  2 kobold brigands
  A lemure (D:6)
  An elf zombie (Ossuary)
  3 bullfrogs
  3 gnoll sergeants
  2 scorpions (D:4)
  5 wights (D:8)
  20 killer bees
  6 howler monkeys
  6 electric eels (D:11)
  A jelly (D:7)
  2 orc priests
  4 hounds
  A gnoll bouda (D:7)
  2 sleepcaps
  An iguana (D:5)
  6 orc wizards
  3 mummies (Ossuary)
  Robin (D:3)
  17 gnolls
  3 adders
  2 shadow imps (D:6)
  2 white imps
  2 ufetubi
  A worm (D:4)
  A dart slug (D:3)
  29 orcs
  9 endoplasms
  2 giant cockroaches (D:4)
  10 hobgoblins
  5 jackals
  25 kobolds
  3 quokkas
  8 ball pythons
  7 bats
  3 frilled lizards
  23 goblins
  6 hobgoblin zombies (Ossuary)
  3 kobold zombies (Ossuary)
  5 rats
342 creatures vanquished.

Vanquished Creatures (others)
  2 kobolds (D:9)
2 creatures vanquished.

Grand Total: 344 creatures vanquished

Notes
Turn   | Place    | Note
-------+----------+-------------------------------------------
     0 | D:1      | Dawnplanks the Hill Orc Fighter began the quest for the
                  | Orb.
     0 | D:1      | Reached XP level 1. HP: 19/19 MP: 1/1
   286 | D:1      | Reached XP level 2. HP: 26/27 MP: 2/2
   508 | D:1      | Reached skill level 3 in Axes
  1008 | D:2      | Reached XP level 3. HP: 29/33 MP: 3/3
  1024 | D:2      | Found a faded altar of an unknown god.
  1087 | D:2      | Noticed Sigmund
  1101 | D:2      | Killed Sigmund
  1102 | D:2      | Reached skill level 5 in Axes
  1102 | D:2      | Reached XP level 4. HP: 41/41 MP: 4/4
  1102 | D:2      | Reached XP level 5. HP: 47/47 MP: 5/5
  1702 | D:3      | Noticed Robin
  1709 | D:3      | Reached XP level 6. HP: 53/53 MP: 6/6
  1711 | D:3      | Killed Robin
  1838 | D:3      | Found a shadowy altar of Dithmenos.
  1839 | D:3      | Found a sparkling altar of Nemelex Xobeh.
  1840 | D:3      | Found a broken altar of Ashenzari.
  1842 | D:3      | Found a bloodstained altar of Trog.
  1903 | D:3      | Reached skill level 6 in Axes
  2424 | D:4      | Reached skill level 7 in Axes
  2424 | D:4      | Reached XP level 7. HP: 40/60 MP: 7/7
  2534 | D:4      | Reached skill level 5 in Fighting
  2629 | D:4      | Reached skill level 5 in Armour
  3078 | D:5      | Entered Level 5 of the Dungeon
  3518 | D:5      | HP: 3/61 [orc priest/divine providence (10)]
  3848 | D:5      | Reached skill level 8 in Axes
  3856 | D:5      | Reached XP level 8. HP: 68/69 MP: 8/8
  4087 | D:5      | Reached skill level 9 in Axes
  4503 | D:6      | Reached skill level 5 in Shields
  4775 | D:6      | Reached skill level 10 in Axes
  4891 | D:6      | Noticed Eustachio
  4911 | D:6      | Killed Eustachio
  4912 | D:6      | Reached XP level 9. HP: 72/78 MP: 9/9
  5203 | D:6      | Reached skill level 11 in Axes
  5308 | D:6      | Noticed Maggie
  5321 | D:6      | Killed Maggie
  5477 | D:6      | Noticed Pikel
  5497 | D:6      | Killed Pikel
  5498 | D:6      | Reached skill level 12 in Axes
  5498 | D:6      | Reached skill level 1 in Throwing
  5516 | D:6      | Identified the +6 hammer of the Thieving Fox {flame, rF+
                  | SInv}
  5521 | D:6      | Found a runed translucent door.
  5522 | D:6      | Noticed Crazy Yiuf
  5868 | D:7      | Found a glowing silver altar of Zin.
  5941 | D:7      | Found a sand-covered staircase.
  5949 | Ossuary  | Entered an ossuary
  6457 | D:7      | Reached skill level 13 in Axes
  6457 | D:7      | Reached XP level 10. HP: 87/88 MP: 10/10
  7000 | D:7      | Found a staircase to the Ecumenical Temple.
  7006 | Temple   | Entered the Ecumenical Temple
  7035 | Temple   | Became a worshipper of Warmaster Okawaru
  7717 | D:8      | Reached skill level 1 in Invocations
  7923 | D:7      | Reached * piety under Okawaru
  8580 | D:8      | Reached skill level 14 in Axes
  8666 | D:8      | Found a transporter.
  8666 | D:8      | Found Vute's General Store.
  8672 | D:8      | Found a transporter.
  8918 | D:8      | Reached ** piety under Okawaru
  9103 | D:8      | Noticed a manticore
  9116 | D:8      | Killed a manticore
  9117 | D:8      | Reached XP level 11. HP: 10/97 MP: 11/14
  9505 | D:9      | Noticed Psyche
  9535 | D:9      | Killed Psyche
  9538 | D:9      | Reached skill level 5 in Invocations
  9649 | D:9      | Found a radiant altar of Vehumet.
  9756 | D:9      | Noticed Erolcha
  9773 | D:9      | Killed Erolcha
  9773 | D:9      | Reached *** piety under Okawaru
  9774 | D:9      | Reached skill level 1 in Dodging
  9855 | D:9      | Noticed a two-headed ogre
  9861 | D:9      | Killed a two-headed ogre
  9872 | D:9      | Noticed Decysan's ghost (novice MfSh)
  9872 | D:9      | Noticed a two-headed ogre
  9878 | D:9      | Found a runed translucent gate.
  9878 | D:9      | Found a runed translucent gate.
  9879 | D:9      | Found a runed translucent gate.
 10007 | D:9      | Noticed a cyclops
 10102 | D:9      | Reached skill level 15 in Axes
 10214 | D:9      | Noticed a five-headed hydra
 10230 | D:9      | Killed a five-headed hydra
 10531 | D:9      | Reached **** piety under Okawaru
 10776 | D:9      | Found a hazy altar of Hepliaklqana.
 11085 | D:10     | Entered Level 10 of the Dungeon
 11210 | D:10     | Reached skill level 10 in Fighting
 11233 | D:10     | Found a flagged portal.
 11251 | Bailey   | Entered a bailey
 11256 | Bailey   | Noticed an orc warlord
 11466 | Bailey   | Found a runed translucent gate.
 11466 | Bailey   | Found a runed translucent gate.
 11466 | Bailey   | Found a runed translucent gate.
 11655 | Bailey   | Killed an orc warlord
 11656 | Bailey   | Reached skill level 10 in Armour
 11833 | D:10     | Reached XP level 12. HP: 98/106 MP: 17/17
 11839 | D:10     | Reached ***** piety under Okawaru
 12710 | D:11     | Found a staircase to the Lair.
 13019 | D:11     | Found a staircase to the Orcish Mines.
 13267 | D:11     | Reached skill level 16 in Axes
 14040 | D:11     | Reached XP level 13. HP: 116/116 MP: 18/21
 14064 | Lair:1   | Entered Level 1 of the Lair of Beasts
 14205 | Lair:1   | Identified the -2 kite shield of Privacy {rElec rC+}
                  | (Okawaru gifted it to you on level 1 of the Lair of Beasts)
 14205 | Lair:1   | Received a gift from Okawaru
 14389 | Lair:1   | Found a gate leading to a gauntlet.
 14393 | Gauntlet | Entered a Gauntlet
 14393 | Gauntlet | Found a transporter.
 14559 | Gauntlet | Found a transporter.
 14570 | Gauntlet | Found a transporter.
 14575 | Gauntlet | Found a transporter.
 14590 | Gauntlet | Found a transporter.
 14609 | Gauntlet | Found a transporter.
 14621 | Gauntlet | Found a transporter.
 14633 | Gauntlet | Found a transporter.
 14645 | Gauntlet | Found a transporter.
 14660 | Gauntlet | Found a transporter.
 14674 | Gauntlet | Found a transporter.
 14692 | Gauntlet | Found a transporter.
 14694 | Gauntlet | Found a transporter.
 14719 | Gauntlet | Found a transporter.
 14721 | Gauntlet | Found a transporter.
 14741 | Gauntlet | Found a transporter.
 14819 | Gauntlet | Found a transporter.
 14866 | Gauntlet | Found a transporter.
 15303 | Gauntlet | Got the Encyclopedia of Twinkling Bedrock
 15339 | Gauntlet | Noticed a minotaur
 15356 | Gauntlet | HP: 4/117 [minotaur (8)]
 15356 | Gauntlet | Slain by a minotaur

Illustrated notes

Levels and vault maps discovered:
D:1:      tekkud_arrival_beachfront_property, layout_loops_ring
D:2:      layout_rooms, hellmonk_ecumenical_altar_inner_sanctum, uniq_sigmund
D:3:      layout_basic, mainiacjoe_overflow_alcove_3, uniq_robin
D:4:      layout_loops_ring, serial_bayou, serial_bayou_pond_d,
          serial_bayou_pond_d, serial_bayou_lake_a, serial_bayou_shore_a,
          hex_medium, nicolae_concentric_dashed_squares_wild
D:5:      layout_basic, minmay_liquid_box, bh_walls_and_bars
D:6:      layout_loops_ring, fountainhead, uniq_maggie, uniq_crazy_yiuf_cottage,
          uniq_eustachio, uniq_pikel
D:7:      layout_basic, mainiacjoe_overflow_boulevard,
          minmay_temple_entry_nine_rooms, chequers_ossuary_entry_cave
D:8:      layout_basic, serial_shops, nicolae_shop_drivethru
D:9:      layout_long_grid, vehumet_statue, general_overflow_altar,
          gammafunk_ghost_split, grunt_ministairs_4, uniq_erolcha, uniq_psyche
D:10:     layout_loops_ring, enter_bailey_3
D:11:     minmay_twisted_water, layout_irregular_city, david_orc_2
Temple:   hellmonk_temple_of_storms
Lair:1:   layout_roguey, gauntlet_entry_generic,
          eino_small_chamber_without_monster, infiniplex_staircase_pool
Gauntlet: gammafunk_gauntlet_one_two_three [gammafunk_gauntlet_arena_hedges,
          gammafunk_gauntlet_arena_split_diamond,
          nicolae_gauntlet_arena_t_cross, gammafunk_gauntlet_arena_crates,
          gammafunk_gauntlet_arena_teeth, gammafunk_gauntlet_arena_open,
          gammafunk_gauntlet_arena_split_x, gammafunk_gauntlet_arena_mazey,
          gammafunk_gauntlet_arena_spirals, dreamdust_gauntlet_exit_labyrinth]

Skill      XL: |  1  2  3  4  5  6  7  8  9 10 11 12 13 |
---------------+----------------------------------------+-----
Axes           | 3 5 7 8 10 13 14 15 16 | 16.8
Fighting       | 4 5 6 7 9 10 11 | 11.8
Armour         | 4 5 6 7 9 10 11 | 11.6
Shields        | 4 5 6 7 |  7.2
Throwing       | 1 3 |  3.7
Invocations    | 4 7 11 12 | 12.0
Dodging        | 1 |  1.6
Maces & Flails | |  0.6

Action                     |  1- 3 |  4- 6 |  7- 9 | 10-12 | 13-15 || total
---------------------------+-------+-------+-------+-------+-------++-------
  Melee: War axe           |    72 |    94 |   321 |   497 |       ||   984
         Broad axe         |       |       |       |    20 |       ||    20
         Mace              |       |       |       |    16 |       ||    16
         Battleaxe         |       |       |       |    78 |    99 ||   177
  Throw: Dart              |       |     1 |     8 |    13 |       ||    22
         Boomerang         |       |       |       |    66 |       ||    66
 Invoke: Heroism           |       |       |       |     5 |     2 ||     7
         Finesse           |       |       |       |       |     1 ||     1
  Evoke: Wand              |       |     3 |     4 |     3 |       ||    10
    Use: Potion            |     1 |       |     2 |     7 |     1 ||    11
         Scroll            |       |       |    11 |     3 |     2 ||    16
 Armour: Scale mail        |    38 |    31 |    28 |       |       ||    97
         Chain mail        |       |       |   100 |       |       ||   100
         Plate armour      |       |       |    26 |   292 |    40 ||   358
         Skin              |       |       |       |    45 |       ||    45
  Dodge: Dodged            |    47 |    25 |   106 |   145 |    27 ||   350
  Block: Buckler           |    28 |    18 |    68 |    17 |       ||   131
         Kite shield       |       |       |       |   164 |       ||   164

Table legend: (Time is in decaauts)
 A = Elapsed time spent in this place.
 B = Non-inter-level travel time spent in this place.
 C = Inter-level travel time spent in this place.
 D = Time resting spent in this place.
 E = Time spent auto-exploring this place.
 F = Levels seen in this place.
 G = Mean time per level.
                   A        B        C        D        E       F      G
               +--------+--------+--------+--------+--------+-----+--------+
         Total |  15404 |  14845 |    559 |   1529 |  10394 |  16 |  962.8 |
       Dungeon |  13074 |  12631 |    443 |   1099 |   9446 |  11 | 1188.5 |
        Temple |     44 |      2 |     42 |      0 |      0 |   1 |   44.0 |
          Lair |    323 |    249 |     74 |    155 |     20 |   1 |  323.0 |
       Ossuary |    480 |    480 |      0 |      0 |    369 |   1 |  480.0 |
        Bailey |    534 |    534 |      0 |    116 |    166 |   1 |  534.0 |
      Gauntlet |    947 |    947 |      0 |    159 |    393 |   1 |  947.0 |
               +--------+--------+--------+--------+--------+-----+--------+

Top non-repeatable levels by time:
     D:9: 1624 daAuts
     D:7: 1573 daAuts
    D:11: 1573 daAuts
     D:6: 1466 daAuts
     D:8: 1444 daAuts
     D:5: 1340 daAuts
Gauntlet: 947 daAuts
     D:4: 939 daAuts
     D:1: 894 daAuts
    D:10: 874 daAuts
     D:3: 866 daAuts
  Bailey: 534 daAuts
 Ossuary: 480 daAuts
     D:2: 477 daAuts
  Lair:1: 323 daAuts
